 Dungeon Crawl Stone Soup version 0.28.0 (webtiles) character file.

Game seed: 6369388635043464532

1276 Sassenached the Spear-Bearer (level 8, -3/68 HPs)
             Began as a Palentonga Wanderer on Feb 11, 2022.
             Was an Initiate of Makhleb.
             Slain by Menkaure (15 damage)
             ... on level 5 of the Dungeon.
             The game lasted 00:05:06 (4208 turns).

Sassenached the Spear-Bearer (Palentonga Wanderer)  Turns: 4208, Time: 00:05:07

Health: -3/68      AC: 14    Str: 19    XL:     8   Next: 29%
Magic:  8/8        EV:  5    Int:  8    God:    Makhleb [......]
Gold:   182        SH:  7    Dex: 13    Spells: 7/7 levels left

rFire   . . .      SeeInvis +   a - +10 spear of Ysaoq {vorpal, rPois}
rCold   . . .      Faith    .   q - +0 kite shield
rNeg    . . .      Spirit   .   j - +1 scale mail
rPois   +          Reflect  .   (no helmet)
rElec   .          Harm     .   (no cloak)
rCorr   .          Rampage  .   (no gloves)
Will    .....                   (no barding)
Stlth   ..........              (no amulet)
HPRegen 0.21/turn               (no ring)
MPRegen 0.11/turn               (no ring)

@: attractive, curled up
A: large, rugged brown scales 3, see invisible, deformed body, roll 1, armoured
tail, reflexive curl
a: Rolling Charge, Renounce Religion


You were on level 5 of the Dungeon.
You worshipped Makhleb.
Makhleb was noncommittal.
You visited 2 branches of the dungeon, and saw 6 of its levels.

You collected 182 gold pieces.

Inventory:

Hand Weapons
 a - the +10 spear of Ysaoq (weapon) {vorpal, rPois}
   (You found it on level 2 of the Dungeon)

   It inflicts extra damage upon your enemies.
   rPois:     It protects you from poison.
Missiles
 b - a curare-tipped dart (quivered)
 r - 7 poisoned darts
Armour
 d - a +0 leather armour
 j - a +1 scale mail (worn)
 q - a +0 kite shield (worn)
Jewellery
 t - an amulet of reflection
Wands
 l - a wand of acid (3)
Scrolls
 e - a scroll of noise {unknown}
 g - a scroll of immolation {unknown}
 h - a scroll of enchant armour
 i - a scroll of identify
 m - a scroll of vulnerability
 p - a scroll of acquirement {unknown}
 s - a scroll of enchant weapon {unknown}
 u - a scroll of amnesia {unknown}
Potions
 c - a potion of might
 f - 2 potions of curing
 n - a potion of invisibility
 o - 2 potions of cancellation


   Skills:
 - Level 5.8 Fighting
 - Level 2.0(6.3) Axes
 + Level 8.7(8.8) Polearms
 - Level 1.3 Throwing
 - Level 1.0 Armour


You had 7 spell levels left.
You didn't know any spells.
Your spell library contained the following spells:

 Spells                   Type           Power      Damage    Failure   Level
 Sandblast                Erth           0%         2d4       98%         1
 Passwall                 Tmut/Erth      0%         N/A       99%         2
 Stone Arrow              Conj/Erth      0%         3d7       100%        3


Dungeon Overview and Level Annotations

Branches:
Dungeon (5/15)             Temple (1/1) D:5

Altars:
Ashenzari
Dithmenos
Elyvilon
Fedhas
Hepliaklqana
Kikubaaqudgha
Makhleb
Nemelex Xobeh
Ru
Trog
Uskayaw
Vehumet
Wu Jian
Xom
Yredelemnul
The Shining One

Shops:
D:4 =

Annotations:
D:5 Menkaure


Innate Abilities, Weirdness & Mutations

You are completely covered in rugged brown scales. (AC +3, +7% HP)
You have supernaturally acute eyesight. (SInv)
Armour fits poorly on your strangely shaped body.
You can roll at nearby foes to attack.
You have a long armoured tail.
You curl defensively after being hit. (AC +7*)


Message History

The centaur skeleton kicks you but does no damage.
You puncture the centaur skeleton!
You tail-slap the centaur skeleton, but do no damage.
The centaur skeleton is severely damaged.
The centaur skeleton hits you.
The centaur skeleton closely misses you.
You puncture the centaur skeleton!
You destroy the centaur skeleton!
Makhleb accepts your kill.
No target in view!
No target in view!
No target in view!
Okay, then.
You now have 182 gold pieces (gained 7).
You see here 20 arrows.
Menkaure, Prince of Dust comes into view.
Menkaure shouts!
Menkaure calls on the powers of darkness!
Your body is wracked with pain!
Menkaure calls on the powers of darkness!
Your body is wracked with pain!
* * * LOW HITPOINT WARNING * * *
You are too injured to fight recklessly!
Menkaure is nearby!
You are too injured to fight recklessly!
Menkaure is nearby!
Okay, then.
Okay, then.
Press: ? - help, v - describe, . - travel The floor.
Okay, then.
Really quaff the potion of attraction?
You feel attractive to monsters. Menkaure is attracted toward you.
You puncture Menkaure!
Menkaure is heavily damaged.
Menkaure hits you!
* * * LOW HITPOINT WARNING * * *
You feel better. Menkaure hits you!
You die...

#...# #...# #...#
#...## #....# ..
#..... #..#####
#...## #ยง..M.##
##...# #@.##
####....#
##..#####....#####
##...............
#######....#####
#..#.#####
####.........
#....#)#...#.
####....#.###...
..
#......##...###.


You could see Menkaure.

Vanquished Creatures
  An ice beast (D:5)
  2 black bears (D:5)
  3 ogres
  Blork the orc (D:4)
  A bullfrog (D:4)
  2 scorpions
  A water moccasin skeleton (D:5)
  A centaur zombie (D:5)
  2 hounds
  A jelly (D:5)
  A centaur skeleton (D:5)
  A gnoll shaman (D:5)
  2 bullfrog skeletons (D:5)
  An iguana (D:5)
  A hound zombie (D:5)
  3 gnolls (D:4)
  7 adders
  A white imp (D:5)
  An adder zombie (D:5)
  3 dart slugs
  2 orcs
  4 bats
  8 endoplasms
  2 giant cockroaches (D:1)
  7 hobgoblins
  4 jackals (D:1)
  A quokka (D:3)
  8 ball pythons
  4 frilled lizards
  9 goblins
  8 kobolds
  A rat (D:3)
94 creatures vanquished.

Notes
Turn   | Place    | Note
-------+----------+-------------------------------------------
     0 | D:1      | Sassenached the Palentonga Wanderer began the quest for the
                  | Orb.
     0 | D:1      | Sassenached set off with the following items: a +3 dagger,
                  | a curare-tipped dart, a +0 hand axe, a +0 leather armour
     0 | D:1      | Reached XP level 1. HP: 22/22 MP: 1/1
   421 | D:1      | Reached XP level 2. HP: 26/28 MP: 2/2
  1348 | D:2      | Identified the +10 spear of Ysaoq {vorpal, rPois}
  1355 | D:2      | Reached XP level 3. HP: 23/36 MP: 3/3
  1867 | D:3      | Reached skill level 1 in Polearms
  2123 | D:3      | Reached skill level 2 in Polearms
  2123 | D:3      | Reached XP level 4. HP: 36/42 MP: 4/4
  2179 | D:3      | Found a faded altar of an unknown god.
  2417 | D:4      | Noticed a bullfrog
  2426 | D:4      | Killed a bullfrog
  2427 | D:4      | Reached skill level 3 in Polearms
  2427 | D:4      | Reached XP level 5. HP: 46/49 MP: 5/5
  2637 | D:4      | Reached skill level 4 in Polearms
  2641 | D:4      | Noticed an ogre
  2648 | D:4      | Killed an ogre
  2649 | D:4      | Reached skill level 5 in Polearms
  2649 | D:4      | Reached XP level 6. HP: 37/55 MP: 6/6
  3080 | D:4      | Found Noqafosch's Jewellery Emporium.
  3158 | D:4      | Noticed Blork the orc
  3163 | D:4      | Killed Blork the orc
  3260 | D:5      | Entered Level 5 of the Dungeon
  3289 | D:5      | Found a staircase to the Ecumenical Temple.
  3294 | D:5      | Reached skill level 6 in Polearms
  3294 | D:5      | Gained mutation: You curl defensively after being hit. (AC
                  | +7*) [Palentonga growth]
  3294 | D:5      | Reached XP level 7. HP: 60/60 MP: 7/7
  3366 | Temple   | Entered the Ecumenical Temple
  3543 | Temple   | Became a worshipper of Makhleb the Destroyer
  3636 | D:5      | Reached skill level 7 in Polearms
  3687 | D:5      | Reached skill level 8 in Polearms
  3687 | D:5      | Reached XP level 8. HP: 33/68 MP: 8/8
  4204 | D:5      | Noticed Menkaure
  4207 | D:5      | HP: 3/68 [Menkaure (16)]
  4208 | D:5      | Slain by Menkaure

Illustrated notes

Levels and vault maps discovered:
D:1:      dpeg_arrival_water_fire, layout_loops_ring, minmay_split_cup_small
D:2:      layout_rooms
D:3:      layout_basic, ebering_ecumenical_altar_rust
D:4:      layout_loops_ring, dk_noncrumbling_4, minmay_shop_enchanted_jewellery,
          uniq_blork_the_orc
D:5:      layout_rooms, minmay_temple_entry_slanted, minivault_27,
          minmay_fractal_squares_5, uniq_menkaure
Temple:   eino_temple_scatter_basement

Skill      XL: |  1  2  3  4  5  6  7 |
---------------+----------------------+-----
Polearms       | 2 3 5 6 8 |  8.7
Fighting       | |  5.8
Axes           | |  2.0
Throwing       | |  1.3
Armour         | |  1.0

Action                   |  1- 3 |  4- 6 |  7- 9 || total
-------------------------+-------+-------+-------++-------
Melee: Dagger            |    66 |       |       ||    66
       Tailslap          |     4 |     3 |     9 ||    16
       Punch             |     2 |       |       ||     2
       Spear             |    23 |    64 |    66 ||   153
  Use: Scroll            |       |       |     7 ||     7
       Potion            |       |       |     2 ||     2
Armor: Leather armour    |    26 |       |       ||    26
       Scale mail        |     4 |    14 |    18 ||    36
Dodge: Dodged            |    34 |     6 |    10 ||    50
Block: Kite shield       |       |     2 |    13 ||    15
